 Dungeon Crawl Stone Soup version 0.23-a0-677-g07611c5 (console) character file.

44 Duffy the Conjurer (level 3, -4/24 HPs)
             Began as a Demonspawn Fire Elementalist on Jan 9, 2019.
             Slain by an ice beast (14 damage)
             ... on level 3 of the Dungeon.
             The game lasted 00:01:16 (908 turns).

Duffy the Conjurer (Demonspawn Fire Elementalist)    Turns: 908, Time: 00:01:16

Health: -4/24      AC:  4    Str:  8    XL:     3   Next: 39%
Magic:  0/6        EV: 12    Int: 17    God:
Gold:   33         SH:  0    Dex: 13    Spells: 2/6 levels left

rFire    . . .     SeeInvis .   (no weapon)
rCold    . . .     Gourm    .   (no shield)
rNeg     . . .     Faith    .   a - +0 robe
rPois    .         Spirit   .   (no helmet)
rElec    .         Reflect  .   (no cloak)
rCorr    .         Harm     .   (no gloves)
MR       +....                  (no boots)
Stlth    ++........             (no amulet)
HPRegen  0.08/turn              b - ring of protection from magic
MPRegen  0.10/turn              (no ring)

@: no status effects
A: slimy green scales 1, powered by death 1
a: no special abilities


You were on level 3 of the Dungeon.
You were hungry.

You visited 1 branch of the dungeon, and saw 3 of its levels.

You collected 33 gold pieces.

Inventory:

Armour
 a - a +0 robe (worn)
Magical Staves
 m - an uncursed staff of fire {unknown}
Jewellery
 b - a ring of protection from magic (left hand)
Scrolls
 e - a scroll of fog {unknown}
 g - 2 scrolls of remove curse {unknown}
 h - a scroll of identify {unknown}
 j - a scroll of magic mapping {unknown}
Potions
 f - a potion of lignification {unknown}
 i - 2 potions of mutation {unknown}
 k - a potion of agility {unknown}
 l - a potion of magic {unknown}
Comestibles
 c - a ration


   Skills:
 - Level 1.7 Dodging
 - Level 1.7 Stealth
 + Level 2.1 Spellcasting
 + Level 3.1 Conjurations
 + Level 2.8 Fire Magic


You had 2 spell levels left.
You knew the following spells:

 Your Spells              Type           Power        Failure   Level  Hunger
h - Flame Tongue          Conj/Fire      ##...        5%          1    #......
l - Conjure Flame         Conj/Fire      ##......     17%         3    ###....

Your spell library contained the following spells:

 Spells                   Type           Power        Failure   Level  Hunger
 Throw Flame              Conj/Fire      ##....       9%          2    ###....
 Inner Flame              Hex/Fire       #.......     32%         3    ###....
 Sticky Flame             Conj/Fire      ##......     50%         4    #####..
 Fireball                 Conj/Fire      ##........   83%         5    ######.


Dungeon Overview and Level Annotations

Branches:
Dungeon (3/15)

Altars:


Innate Abilities, Weirdness & Mutations

You are partially covered in slimy green scales. (AC +2)
You regenerate a little health from kills.


Message History

Aiming: Flame Tongue (safe; 5% risk of failure)
Press: ? - help, Shift-Dir - straight line, f/p - ice beast
Aim: an ice beast (almost dead)
The flame tongue misses the ice beast.
The flame tongue hits the rat.
You kill the rat!
You are feeling hungry.
The ice beast barely misses you.
A kobold comes into view. It is wielding a +0 whip.
Found a leather armour.
The kobold shouts!
Casting: Flame Tongue (safe; 5% risk of failure)
Confirm with . or Enter, or press ? or * to list all spells.
Aiming: Flame Tongue (safe; 5% risk of failure)
Press: ? - help, Shift-Dir - straight line, f/p - ice beast
Aim: an ice beast (almost dead)
The flame tongue hits the ice beast.
The ice beast melts!
The ice beast is almost dead.
The ice beast hits you. The ice beast freezes you!
Ouch! That really hurt!
You die...

......K...# ###
##.###.#.#
..####.## #
#.#.# ......#.#
.# #.#.#
#.####.####.#
#.#.#
#...........#
#.#K#
######.#..###
#.#.# #.#..#
#.#Y#
#.#%.#####<#@###
#.#......#.....#
#............#.#
####.###.#####.#
####...##<# #.#
...........# #.#
#####...##.# #.#
##.###.#####.#
............#.##


You could see an ice beast and a kobold.

Vanquished Creatures
  2 adders (D:2)
  A dart slug (D:3)
  A leopard gecko (D:3)
  An orc (D:3)
  A ball python (D:1)
  2 bats (D:1)
  2 giant cockroaches
  3 goblins
  2 hobgoblins
  A kobold (D:3)
  5 rats
21 creatures vanquished.

Notes
Turn   | Place    | Note
-------+----------+-------------------------------------------
     0 | D:1      | Duffy the Demonspawn Fire Elementalist began the quest for
                  | the Orb.
     0 | D:1      | Reached XP level 1. HP: 13/13 MP: 3/3
   216 | D:2      | Found a faded altar of an unknown god.
   220 | D:2      | Reached skill level 2 in Conjurations
   220 | D:2      | Gained mutation: You regenerate a little health from kills.
                  | [demonic ancestry]
   220 | D:2      | Reached XP level 2. HP: 14/19 MP: 0/5
   410 | D:2      | Gained mutation: You are partially covered in slimy green
                  | scales. (AC +2) [demonic ancestry]
   410 | D:2      | Reached XP level 3. HP: 24/24 MP: 2/6
   415 | D:2      | Learned a level 3 spell: Conjure Flame
   680 | D:3      | Reached skill level 3 in Conjurations
   846 | D:3      | Noticed an ice beast
   908 | D:3      | Slain by an ice beast

Vault maps used:
D:1:      psy_arrival_dodecagon, minmay_octomino_e4
D:2:      first_ration, chequers_ecumenical_altar_simple_redux, uniq_natasha
D:3:      minmay_chambers_of_twos, uniq_crazy_yiuf_cottage

Skill      XL: |  1  2  3 |
---------------+----------+-----
Conjurations   | 2 3 |  3.1
Dodging        | |  1.7
Stealth        | |  1.7
Spellcasting   | |  2.1
Fire Magic     | |  2.8

Action                   || total
-------------------------++-------
Melee: Unarmed           ||    20
 Cast: Flame Tongue      ||    41
Armor: Robe              ||    13
Dodge: Dodged            ||    30

Table legend:
 A = Non-vault XP
 B = Vault XP
 C = Vault XP percentage of total XP
 D = Non-vault monster count
 E = Vault monster count
 F = Vault count percentage of total count
                 A         B        C        D         E       F
            +---------+---------+-------+---------+---------+-------
      Total |      50 |      13 |  20.6 |      15 |       6 |  28.6
            +---------+---------+-------+---------+---------+-------
        D:1 |       6 |       1 |  14.3 |       4 |       1 |  20.0
        D:2 |      35 |       0 |   0.0 |       7 |       0 |   0.0
        D:3 |       9 |      12 |  57.1 |       4 |       5 |  55.6
            +---------+---------+-------+---------+---------+-------
